 Dungeon Crawl Stone Soup version 0.30-a0-1043-g60ff8d5f49 (webtiles) character file.

Game seed: 15777369418523439224

129 Pimp the Trooper (level 4, -1/40 HPs)
             Began as a Draconian Fighter on Apr 10, 2023.
             Killed by nerve-wracking pain
             ... invoked by Grinder
              (5 damage)
             ... on level 3 of the Dungeon.
             The game lasted 00:03:35 (1823 turns).

Pimp the Trooper (Draconian Fighter)                Turns: 1823, Time: 00:03:35

Health: -1/40      AC:  6    Str: 19    XL:     4   Next: 88%
Magic:  4/4        EV:  9    Int: 10    God:
Gold:   164        SH:  4    Dex: 10    Spells: 3/3 levels left

rFire   . . .      SeeInvis .    a - +0 war axe
rCold   . . .      Faith    .    b - +0 buckler
rNeg    . . .      Spirit   .    (body armour unavailable)
rPois   .          Reflect  .    (helmet restricted)
rElec   .          Rampage  .    f - scarf {repulsion}
rCorr   .                        d - +0 pair of gloves
Will    .....                    (no boots)
Stlth   +                        (no amulet)
HPRegen 0.26/turn                (no ring)
MPRegen 0.09/turn                (no ring)

@: mighty, grasped by roots, constricted, repel missiles
A: AC +5, unfitting armour, cold-blooded
a: no special abilities


You were on level 3 of the Dungeon.
You visited 1 branch of the dungeon, and saw 3 of its levels.

You collected 164 gold pieces.

Inventory:

Hand Weapons
 a - a +0 war axe (weapon)
Armour
 b - a +0 buckler (worn)
 d - a +0 pair of gloves (worn)
 f - a scarf of repulsion (worn)
Scrolls
 e - 4 scrolls of immolation {unknown}
 i - a scroll of teleportation {unknown}
 k - a scroll of identify {unknown}
Potions
 g - a potion of curing {unknown}
 h - a potion of attraction {unknown}
 j - a potion of degeneration {unknown}
 l - a potion of ambrosia {unknown}


   Skills:
 + Level 4.1 Fighting
 + Level 3.1 Axes
 + Level 3.4 Dodging
 + Level 3.8 Shields


You had 3 spell levels left.
You didn't know any spells.
Your spell library contained the following spells:

 Spells                   Type           Power      Damage    Failure   Level
 Call Canine Familiar     Summ           0%         N/A       82%         3
 Portal Projectile        Hex/Tloc       0%         N/A       82%         3
 Vhi's Electric Charge    Tloc/Air       0%         N/A       82%         3
 Leda's Liquefaction      Hex/Erth       0%         N/A       99%         4
 Arcjolt                  Conj/Air       0%         1d10      100%        5
 Plasma Beam              Fire/Air       0%         2x1d11    100%        6


Dungeon Overview and Level Annotations

Branches:
Dungeon (3/15)

Altars:
Okawaru

Annotations:
D:3 Grinder


Innate Abilities, Weirdness & Mutations

Your plain brown scales are hard. (AC +5)
You cannot fit into any form of body armour.
You are cold-blooded and may be slowed by cold attacks.


Message History

You start resting.
Grinder is nearby!
Grinder gestures at you. Pain shoots through your body!
You closely miss Grinder. Grinder gestures at you.
Pain shoots through your body!
You closely miss Grinder.
Your tail-slap misses Grinder.
Grinder says, "FISH!"
Grinder completely misses you. Grinder hits you.
You writhe in agony.
You closely miss Grinder.
Your tail-slap misses Grinder.
Grinder hits you.
You writhe in agony.
You slash Grinder!
Grinder is moderately wounded.
Grinder blinks!
You hit the rat.
You kill the rat!
Grinder barely misses you.
You closely miss Grinder.
Grinder is lightly wounded.
Grinder gestures at you. Pain shoots through your body!
* * * LOW HITPOINT WARNING * * *
You hit Grinder.
Grinder is moderately wounded.
Grinder hits you.
* * * LOW HITPOINT WARNING * * *
You writhe in agony.
* * * LOW HITPOINT WARNING * * *
You feel very mighty all of a sudden.
Grinder zaps a wand.
The roots erupt in riotous growth!
The grasping roots grab you!
Grinder is unaffected.
The grasping roots constrict you.
* * * LOW HITPOINT WARNING * * *
You hear a shout! x3
You slash Grinder!
Your tail-slap misses Grinder.
Grinder is severely wounded.
Grinder gestures at you. Pain shoots through your body!
You die...

#
#.############.......####
# #.# #.......# # # #.#
#.......# # # #.########
#.......# #
.........#####.......# #
...................### #
..........#####..###
.......5.#####..# ####
#.######@........# ...#
#.........######.# ....
#.######.#### ##'####
.... ###...†..###.....#
.... ..................#
...# #.........###.....#
.... ..>##......# #.....#
#### ## #......# #.....#
#......# #.....#


You could see Grinder.

Vanquished Creatures
  An orc wizard (D:3)
  2 adders
  3 worms
  A dart slug (D:1)
  4 orcs
  13 endoplasms
  2 giant cockroaches
  6 goblins
  3 hobgoblins
  8 jackals
  A quokka (D:3)
  5 ball pythons
  2 bats
  4 frilled lizards (D:1)
  4 kobolds
  7 rats
66 creatures vanquished.

Notes
Turn   | Place    | Note
-------+----------+-------------------------------------------
     0 | D:1      | Pimp the Draconian Fighter began the quest for the Orb.
     0 | D:1      | Reached XP level 1. HP: 19/19 MP: 1/1
   127 | D:1      | Found a faded altar of an unknown god.
   135 | D:1      | Reached XP level 2. HP: 20/26 MP: 2/2
   713 | D:2      | Reached XP level 3. HP: 33/33 MP: 3/3
  1449 | D:3      | Found an iron altar of Okawaru.
  1468 | D:3      | Reached XP level 4. HP: 38/40 MP: 4/4
  1585 | D:3      | Reached skill level 4 in Fighting
  1808 | D:3      | Noticed Grinder
  1823 | D:3      | Killed from afar by Grinder

Illustrated notes

Levels and vault maps discovered:
D:1:      lemuel_arrival_muddy, layout_loops_ring,
          chequers_ecumenical_altar_island, serial_glass, glass_columns_b,
          glass_columns_a, serial_bayou_pond_d
D:2:      minmay_alternating_diamond, layout_basic,
          chequers_serial_rivers_micro_b, small_statue_intersection
D:3:      layout_basic, okawaru_trees_2, uniq_grinder

Skill      XL: |  1  2  3  4 |
---------------+-------------+-----
Dodging        | 3 |  3.4
Fighting       | 4 |  4.1
Axes           | 3 |  3.1
Shields        | |  3.8

Action                     |  1- 3 |  4- 6 || total
---------------------------+-------+-------++-------
  Melee: War axe           |    99 |    60 ||   159
         Tailslap          |     5 |     7 ||    12
    Use: Potion            |       |     1 ||     1
   Stab: Sleeping          |     2 |       ||     2
 Armour: Skin              |    29 |    27 ||    56
  Dodge: Dodged            |    54 |    44 ||    98
  Block: Buckler           |    16 |     9 ||    25

Table legend: (Time is in decaauts)
 A = Elapsed time spent in this place.
 B = Non-inter-level travel time spent in this place.
 C = Inter-level travel time spent in this place.
 D = Time resting spent in this place.
 E = Time spent auto-exploring this place.
 F = Levels seen in this place.
 G = Mean time per level.
                   A        B        C        D        E       F      G
               +--------+--------+--------+--------+--------+-----+--------+
         Total |   1906 |   1815 |     91 |     43 |   1243 |   3 |  635.3 |
       Dungeon |   1906 |   1815 |     91 |     43 |   1243 |   3 |  635.3 |
               +--------+--------+--------+--------+--------+-----+--------+

Top non-repeatable levels by time:
     D:2: 758 daAuts
     D:1: 735 daAuts
     D:3: 412 daAuts
